[ PARTIDA AOE2 · #495291043 ]
UnrankedTeutones vs Armenians
Equipo del jugador · DERR
Equipo rival · VICT
[ ANÁLISIS DE REPETICIÓN · EXTRAÍDO DE LA PARTIDA GRABADA ]
Feudal
9:18
Castillos
21:57
Imperial
43:30
| APM promedio | 29.4 |
| APM pico | 50 |
| eAPM promedio | 21.2 |
| Aldeanos / militares | 153 / 144 |
Foco
⚔️ 36.5% · 🌾 63.5%
Teutonic Knight ×74 · Militia ×44 · Skirmisher ×8 · Battering Ram ×6 · Scorpion ×5 · Monk ×4
Feudal
9:15
Castillos
20:59
Imperial
39:07
| APM promedio | 40.0 |
| APM pico | 94 |
| eAPM promedio | 20.7 |
| Aldeanos / militares | 136 / 197 |
Foco
⚔️ 45.9% · 🌾 54.1%
Militia ×119 · Composite Bowman ×50 · Archer ×6 · Trebuchet (Packed) ×6 · Monk ×5 · Battering Ram ×5
Mapa de la partida
Recursos iniciales + cada clic de construcción. Líneas = muros · curvas = relieve. ◆ oro · ⬟ piedra · ● bayas · ✦ reliquia · ◌ hueco del cierre
Tu base· ✓ Cerrada en 21:57 · 31t muro · 1 puerta(s)
Base de OIDA | Tasty· Abierta — el rival se encerró
Terreno inicial suavizado · ◌ = hueco del cierre detectado · pasá el cursor para detalles
Inputs por minuto
— musialaseinjamal - - OIDA | Tasty
Build order — musialaseinjamal
Primeras 150 de 468 acciones detectadas
| 0:01 | Crear | Villager (Male) |
| 0:02 | Construir | House |
| 0:03 | Construir | House |
| 0:20 | Crear | Villager (Male) ×3 |
| 1:27 | Crear | Villager (Male) |
| 1:52 | Construir | Lumber Camp |
| 1:58 | Crear | Villager (Male) |
| 2:18 | Crear | Villager (Male) |
| 2:51 | Crear | Villager (Male) |
| 2:51 | Crear | Villager (Male) |
| 3:04 | Construir | House |
| 3:06 | Construir | House |
| 3:19 | Crear | Villager (Male) |
| 3:34 | Crear | Villager (Male) |
| 3:34 | Crear | Villager (Male) |
| 3:57 | Crear | Villager (Male) |
| 4:32 | Crear | Villager (Male) |
| 5:03 | Crear | Villager (Male) |
| 5:23 | Crear | Villager (Male) |
| 5:37 | Construir | Barracks |
| 5:46 | Crear | Villager (Male) |
| 5:46 | Crear | Villager (Male) |
| 6:42 | Investigar | Loom |
| 6:57 | Construir | Mining Camp |
| 7:07 | Investigar | Feudal Age |
| 7:23 | Crear | Militia |
| 7:42 | Crear | Militia |
| 7:42 | Crear | Militia |
| 7:54 | Construir | House |
| 8:38 | Crear | Villager (Male) |
| 8:48 | Construir | Mill |
| 8:55 | Crear | Villager (Male) |
| 9:04 | Crear | Villager (Male) |
| 9:18 | Edad | Edad Feudal |
| 9:22 | Investigar | Double-Bit Axe |
| 9:41 | Investigar | Man-at-Arms (upgrade) |
| 10:00 | Construir | Archery Range |
| 10:14 | Crear | Villager (Male) |
| 10:17 | Construir | Farm |
| 10:27 | Construir | Palisade Wall |
| 10:28 | Construir | Palisade Wall |
| 10:29 | Construir | Palisade Wall |
| 10:31 | Construir | Palisade Wall |
| 11:08 | Crear | Villager (Male) |
| 11:08 | Crear | Villager (Male) |
| 11:12 | Crear | Villager (Male) |
| 11:37 | Construir | Farm |
| 11:40 | Construir | Farm |
| 11:41 | Crear | Skirmisher |
| 11:43 | Construir | Farm |
| 11:50 | Construir | House |
| 11:52 | Construir | Palisade Wall |
| 12:09 | Crear | Villager (Male) |
| 12:14 | Construir | Farm |
| 12:23 | Construir | Blacksmith |
| 12:40 | Crear | Villager (Male) |
| 12:45 | Construir | Farm |
| 12:46 | Construir | Farm |
| 12:57 | Construir | House |
| 12:58 | Construir | Palisade Wall |
| 13:06 | Crear | Villager (Male) |
| 13:08 | Crear | Skirmisher |
| 13:15 | Construir | House |
| 13:18 | Construir | Palisade Wall |
| 13:19 | Construir | Palisade Wall |
| 13:21 | Construir | Palisade Wall |
| 13:25 | Construir | House |
| 13:27 | Crear | Villager (Male) |
| 13:31 | Crear | Skirmisher |
| 13:40 | Construir | Farm |
| 13:52 | Crear | Villager (Male) |
| 14:05 | Crear | Villager (Male) |
| 14:18 | Construir | House |
| 14:21 | Construir | Palisade Wall |
| 14:26 | Construir | Farm |
| 14:34 | Construir | Farm |
| 14:49 | Investigar | Fletching |
| 14:50 | Crear | Villager (Male) |
| 14:56 | Construir | Farm |
| 15:21 | Construir | House |
| 15:30 | Construir | House |
| 15:30 | Crear | Villager (Male) |
| 15:32 | Construir | Farm |
| 15:35 | Construir | Farm |
| 15:45 | Crear | Villager (Male) |
| 15:47 | Investigar | Padded Archer Armor |
| 15:55 | Construir | Farm |
| 16:03 | Construir | House |
| 16:25 | Crear | Villager (Male) |
| 16:37 | Crear | Villager (Male) |
| 16:48 | Construir | Palisade Wall |
| 16:54 | Crear | Villager (Male) |
| 16:58 | Construir | Lumber Camp |
| 17:04 | Construir | Market |
| 17:28 | Construir | Palisade Gate |
| 17:34 | Crear | Villager (Male) |
| 17:46 | Crear | Villager (Male) |
| 18:05 | Crear | Skirmisher |
| 18:06 | Crear | Villager (Male) |
| 18:09 | Construir | Farm |
| 18:09 | Construir | Farm |
| 18:12 | Construir | Farm |
| 18:18 | Construir | House |
| 19:17 | Investigar | Castle Age |
| 19:22 | Crear | Skirmisher |
| 19:39 | Crear | Skirmisher |
| 20:16 | Crear | Villager (Male) |
| 20:35 | Crear | Skirmisher |
| 20:35 | Crear | Skirmisher |
| 21:57 | Edad | Edad de los Castillos |
| 22:00 | Construir | Town Center |
| 22:03 | Investigar | Bow Saw |
| 22:04 | Crear | Villager (Male) |
| 22:23 | Construir | Town Center |
| 22:25 | Crear | Villager (Male) |
| 22:38 | Crear | Villager (Male) |
| 22:55 | Construir | Monastery |
| 22:56 | Construir | House |
| 22:57 | Construir | House |
| 23:02 | Construir | Farm |
| 23:04 | Crear | Villager (Male) |
| 23:10 | Construir | House |
| 23:13 | Investigar | Long Swordsman (upgrade) |
| 23:14 | Investigar | Scale Mail Armor |
| 23:23 | Construir | House |
| 23:24 | Construir | Palisade Wall |
| 23:32 | Construir | Palisade Wall |
| 23:35 | Crear | Villager (Male) |
| 23:35 | Crear | Villager (Male) |
| 23:35 | Crear | Villager (Male) |
| 23:41 | Crear | Villager (Male) |
| 23:41 | Crear | Villager (Male) |
| 23:41 | Crear | Villager (Male) |
| 23:42 | Crear | Monk |
| 23:46 | Investigar | Squires |
| 23:52 | Construir | House |
| 23:55 | Construir | House |
| 24:02 | Crear | Militia |
| 24:05 | Investigar | Forging |
| 24:33 | Construir | Barracks |
| 24:35 | Crear | Villager (Male) |
| 24:36 | Crear | Villager (Male) |
| 24:36 | Crear | Villager (Male) |
| 24:46 | Crear | Villager (Male) |
| 24:46 | Crear | Villager (Male) |
| 24:54 | Construir | Farm |
| 25:06 | Crear | Villager (Male) |
| 25:06 | Crear | Villager (Male) |
| 25:21 | Crear | Villager (Male) |
| 25:21 | Crear | Villager (Male) |
Build order — OIDA | Tasty
Primeras 150 de 467 acciones detectadas
| 0:00 | Crear | Villager (Male) ×4 |
| 0:02 | Construir | House |
| 0:03 | Construir | House |
| 1:22 | Crear | Villager (Male) |
| 1:54 | Crear | Villager (Male) |
| 2:10 | Construir | Mule Cart |
| 2:15 | Crear | Villager (Male) |
| 2:45 | Crear | Villager (Male) |
| 3:06 | Crear | Villager (Male) |
| 3:22 | Crear | Villager (Male) |
| 3:23 | Construir | House |
| 3:48 | Crear | Villager (Male) |
| 4:02 | Crear | Villager (Male) |
| 4:34 | Crear | Villager (Male) |
| 4:43 | Construir | Barracks |
| 5:21 | Crear | Villager (Male) |
| 5:25 | Crear | Villager (Male) |
| 5:53 | Construir | House |
| 5:58 | Crear | Villager (Male) |
| 5:58 | Investigar | Loom |
| 6:25 | Construir | House |
| 6:26 | Construir | Palisade Wall |
| 6:53 | Construir | Mule Cart |
| 6:57 | Investigar | Feudal Age |
| 7:16 | Crear | Militia |
| 7:28 | Crear | Militia |
| 7:37 | Construir | Mill |
| 8:00 | Crear | Militia |
| 8:19 | Crear | Militia |
| 8:40 | Crear | Villager (Male) |
| 9:02 | Construir | Palisade Wall |
| 9:09 | Construir | Palisade Wall |
| 9:15 | Edad | Edad Feudal |
| 9:20 | Investigar | Man-at-Arms (upgrade) |
| 9:37 | Construir | Archery Range |
| 9:39 | Crear | Villager (Male) |
| 9:41 | Construir | House |
| 10:03 | Construir | House |
| 10:07 | Crear | Villager (Male) |
| 10:17 | Crear | Villager (Male) |
| 10:52 | Crear | Villager (Male) |
| 11:04 | Crear | Villager (Male) |
| 11:13 | Crear | Archer |
| 11:14 | Crear | Archer |
| 11:27 | Construir | Farm |
| 11:28 | Construir | Farm |
| 11:29 | Construir | Farm |
| 11:35 | Crear | Villager (Male) |
| 11:37 | Construir | House |
| 11:46 | Construir | Palisade Wall |
| 11:47 | Construir | Palisade Wall |
| 12:09 | Crear | Villager (Male) |
| 12:12 | Construir | Mule Cart |
| 12:19 | Construir | Farm |
| 12:22 | Construir | Farm |
| 12:33 | Crear | Skirmisher |
| 12:54 | Crear | Villager (Male) |
| 12:58 | Construir | Farm |
| 12:59 | Construir | Farm |
| 13:07 | Crear | Villager (Male) |
| 13:10 | Construir | Farm |
| 13:25 | Construir | House |
| 13:29 | Construir | Palisade Wall |
| 13:31 | Crear | Villager (Male) |
| 13:42 | Crear | Skirmisher |
| 13:46 | Crear | Villager (Male) |
| 14:03 | Investigar | Double-Bit Axe |
| 14:10 | Construir | Farm |
| 14:13 | Crear | Archer |
| 14:25 | Crear | Villager (Male) |
| 14:31 | Crear | Archer |
| 14:41 | Crear | Villager (Male) |
| 14:45 | Construir | Farm |
| 14:56 | Construir | Farm |
| 15:04 | Crear | Villager (Male) |
| 15:19 | Crear | Villager (Male) |
| 15:20 | Crear | Archer |
| 15:27 | Crear | Villager (Male) |
| 15:45 | Construir | Blacksmith |
| 15:47 | Crear | Archer |
| 15:48 | Crear | Villager (Male) |
| 15:55 | Crear | Villager (Male) |
| 16:02 | Construir | Farm |
| 16:07 | Construir | Farm |
| 16:55 | Construir | Market |
| 17:14 | Construir | Farm |
| 17:17 | Construir | Farm |
| 17:25 | Construir | Farm |
| 17:27 | Crear | Villager (Male) |
| 18:19 | Investigar | Castle Age |
| 18:31 | Construir | House |
| 18:32 | Construir | House |
| 18:41 | Construir | Mule Cart |
| 18:48 | Construir | House |
| 18:53 | Investigar | Long Swordsman (upgrade) |
| 18:58 | Investigar | Horse Collar |
| 19:13 | Investigar | Scale Mail Armor |
| 19:24 | Construir | Barracks |
| 19:32 | Crear | Militia |
| 19:52 | Investigar | Gold Mining |
| 19:57 | Construir | Farm |
| 20:04 | Crear | Militia |
| 20:04 | Crear | Militia |
| 20:23 | Investigar | Arson |
| 20:27 | Construir | House |
| 20:32 | Construir | Farm |
| 20:35 | Crear | Militia |
| 20:51 | Crear | Villager (Male) |
| 20:54 | Crear | Militia |
| 20:59 | Edad | Edad de los Castillos |
| 21:03 | Construir | Monastery |
| 21:16 | Construir | Farm |
| 21:18 | Crear | Villager (Male) |
| 21:23 | Investigar | Gambesons |
| 21:25 | Crear | Militia |
| 21:34 | Construir | Farm |
| 21:37 | Crear | Villager (Male) |
| 21:51 | Investigar | Squires |
| 21:54 | Crear | Monk |
| 22:09 | Crear | Militia |
| 22:09 | Crear | Militia |
| 22:17 | Crear | Villager (Male) |
| 22:21 | Construir | Farm |
| 22:38 | Construir | Farm |
| 22:39 | Crear | Villager (Male) |
| 22:53 | Crear | Warrior Priest |
| 23:04 | Crear | Villager (Male) |
| 23:09 | Construir | Town Center |
| 23:19 | Crear | Villager (Male) |
| 23:26 | Investigar | Two-Handed Swordsman (upgrade) |
| 23:47 | Construir | House |
| 23:47 | Crear | Villager (Male) |
| 23:49 | Crear | Villager (Male) |
| 23:56 | Crear | Militia |
| 23:59 | Crear | Villager (Male) |
| 24:08 | Investigar | Bow Saw |
| 24:23 | Construir | Siege Workshop |
| 24:27 | Crear | Militia |
| 24:30 | Crear | Monk |
| 24:34 | Crear | Villager (Male) |
| 24:38 | Crear | Villager (Male) |
| 24:44 | Crear | Villager (Male) |
| 24:47 | Construir | Farm |
| 24:49 | Construir | Farm |
| 24:52 | Construir | Farm |
| 24:52 | Crear | Militia |
| 25:02 | Crear | Villager (Male) |
| 25:09 | Crear | Villager (Male) |
| 25:13 | Construir | Farm |
| 25:20 | Investigar | Wheelbarrow |
Cronología de la partida
| 4:43 | OIDA | Tasty · first_building Barracks |
| 5:37 | musialaseinjamal · first_building Barracks |
| 6:26 | OIDA | Tasty · wall_segment Palisade Wall x1 |
| 9:02 | OIDA | Tasty · wall_segment Palisade Wall x3 |
| 9:09 | OIDA | Tasty · wall_segment Palisade Wall x2 |
| 9:15 | OIDA | Tasty · age_up feudal |
| 9:18 | musialaseinjamal · age_up feudal |
| 9:37 | OIDA | Tasty · first_building Archery Range |
| 10:00 | musialaseinjamal · first_building Archery Range |
| 10:27 | musialaseinjamal · wall_segment Palisade Wall x1 |
| 10:28 | musialaseinjamal · wall_segment Palisade Wall x1 |
| 10:29 | musialaseinjamal · wall_segment Palisade Wall x1 |
| 10:31 | musialaseinjamal · wall_segment Palisade Wall x1 |
| 11:46 | OIDA | Tasty · wall_segment Palisade Wall x1 |
| 11:47 | OIDA | Tasty · wall_segment Palisade Wall x1 |
| 11:52 | musialaseinjamal · wall_segment Palisade Wall x1 |
| 12:58 | musialaseinjamal · wall_segment Palisade Wall x1 |
| 13:18 | musialaseinjamal · wall_segment Palisade Wall x1 |
| 13:19 | musialaseinjamal · wall_segment Palisade Wall x1 |
| 13:21 | musialaseinjamal · wall_segment Palisade Wall x6 |
| 13:29 | OIDA | Tasty · wall_segment Palisade Wall x9 |
| 14:21 | musialaseinjamal · wall_segment Palisade Wall x17 |
| 16:48 | musialaseinjamal · wall_segment Palisade Wall x1 |
| 18:04 | OIDA | Tasty · first_market_sell 100 wood |
| 18:05 | OIDA | Tasty · first_market_buy 100 food |
| 18:46 | musialaseinjamal · first_market_buy 100 food |
| 18:47 | musialaseinjamal · first_market_sell 100 wood |
| 20:59 | OIDA | Tasty · age_up castle |
| 21:03 | OIDA | Tasty · first_building Monastery |
| 21:57 | musialaseinjamal · age_up castle |
| 22:55 | musialaseinjamal · first_building Monastery |
| 23:24 | musialaseinjamal · wall_segment Palisade Wall x1 |
| 23:32 | musialaseinjamal · wall_segment Palisade Wall x3 |
| 24:23 | OIDA | Tasty · first_building Siege Workshop |
| 26:24 | OIDA | Tasty · wall_segment Palisade Wall x1 |
| 33:18 | musialaseinjamal · first_building Siege Workshop |
| 33:55 | musialaseinjamal · first_building Castle |
| 35:29 | OIDA | Tasty · first_building Castle |
| 39:07 | OIDA | Tasty · age_up imperial |
| 43:30 | musialaseinjamal · age_up imperial |
| 45:17 | musialaseinjamal · resign |
[ ANÁLISIS IA · 1 CRÉDITO ]
¿Qué pasó realmente en esta partida?
Wolo.gg analiza cada decisión: build order, eco, micro, errores típicos por bracket. Análisis personalizado por WhatsApp o Discord en 30 segundos.
Guía civ
Teutones
Perfil
musialaseinjamal